 Dungeon Crawl Stone Soup version 0.22-a0-533-g4d20840e7c (webtiles) character file.

2692 Foic the Basher (level 9, -6/88 HPs)
             Began as a Troll Berserker on June 22, 2018.
             Was a High Priest of Trog.
             Mangled by a warg (14 damage)
             ... on level 6 of the Dungeon.
             The game lasted 00:31:05 (6530 turns).

Foic the Basher (Troll Berserker)                   Turns: 6530, Time: 00:31:05

Health: -6/88      AC:  7    Str: 34    XL:     9   Next: 38%
Magic:  8/8        EV: 12    Int:  3    God:    Trog [*****.]
Gold:   122        SH:  0    Dex:  9    Spells: 8/8 levels left

rFire    . . .     SeeInvis .   p - +1 flail (protect)
rCold    . . .     Gourm    +   (no shield)
rNeg     . . .     Faith    .   b - +0 animal skin
rPois    +         Spirit   .   s - +2 hat
rElec    .         Reflect  .   (no cloak)
rCorr    .         Harm     .   (gloves unavailable)
MR       .....                  (boots unavailable)
Stlth    +.........             (no amulet)
HPRegen  0.64/turn              m - ring of poison resistance
MPRegen  0.11/turn              f - +4 ring of strength

@: no status effects
A: large, unfitting armour, claws 3, fast metabolism 3, gourmand, regeneration
1, shaggy fur 1, tough skin 2
a: Berserk, Trog's Hand, Brothers in Arms, Renounce Religion


You were on level 6 of the Dungeon.
You worshipped Trog.
Trog was extremely pleased with you.
You were completely stuffed.

You visited 1 branch of the dungeon, and saw 7 of its levels.
You also visited: Bailey.

You collected 332 gold pieces.
You spent 210 gold pieces at shops.

Inventory:

Hand Weapons
 a - a +0 mace
 p - a +1 flail of protection (weapon)
 r - a +0 giant spiked club
 v - a +2 whip of venom
Missiles
 e - 159 stones (quivered)
 j - 3 large rocks
Armour
 b - a +0 animal skin (worn)
 s - a +2 hat (worn)
Jewellery
 f - a +4 ring of strength (right claw)
 m - a ring of poison resistance (left claw)
Wands
 i - a wand of paralysis (21)
 q - a wand of flame (26)
Scrolls
 d - 4 scrolls of identify
 h - a scroll of enchant armour {unknown}
 k - a scroll of remove curse
 l - 2 scrolls of enchant weapon {unknown}
 u - a scroll of fog {unknown}
 w - a scroll of teleportation {unknown}
Potions
 n - a potion of curing
 o - 3 potions of brilliance
 t - 2 potions of agility
 x - 2 potions of magic {unknown}
 z - 3 potions of heal wounds
Comestibles
 c - 10 rations
 g - 2 chunks of flesh


   Skills:
 + Level 5.6 Fighting
 + Level 8.7 Maces & Flails
 + Level 6.4 Dodging


You had 8 spell levels left.
You didn't know any spells.
Your spell library was empty.

Dungeon Overview and Level Annotations

Branches:
Dungeon (7/15)             Temple (0/1) D:4

Altars:
Ashenzari
Elyvilon
Gozag
Kikubaaqudgha
Nemelex Xobeh
Ru
Sif Muna
Trog
Vehumet
Yredelemnul
Zin
The Shining One

Shops:
D:5 [

Annotations:
D:4 3 runed doors, feta's ghost, amateur FoFi


Innate Abilities, Weirdness & Mutations

You are too large for most types of armour.
You have claws for hands.
Your metabolism is lightning-fast.
You like to eat raw meat.
Your natural rate of healing is unusually fast.
You are covered in fur. (AC +1)
You have very tough skin. (AC +2)


Message History

* * * LOW HITPOINT WARNING * * *
The jackal barks!
The orc hits you but does no damage. The warg completely misses you.
The jackal closely misses you.
The orc suddenly grunts.
The jackal barely misses you.
There is a stone staircase leading up, spattered with blood here.
Things that are here:
3 poisoned needles; an arrow The jackal bites you but does no damage.
The warg bites you!
* * * LOW HITPOINT WARNING * * *
The warg barely misses you.
You climb upwards.
There is a stone staircase leading down, spattered with blood here.
You barely miss the warg.
The warg is heavily wounded.
The jackal misses you. The warg bites you!
You die...

#####...##...รท###..##.......#
##..##...####'####..##....<..#
#...##..>##..........'.......#
##..#..........[....##..###.###
##..#....##....###..###'###.##.
#...##...##....#######.........
#...##...##.....#..............
#.........#....h#..............
#.........#..[@.#...##....#....
#.........#..)h)#...##..#######
#.........'....>#........#
##..#....##....###..##...#
####....##....###..##..##
#######.....#...######
#...........#........#
#...........#........#
########.........#######..##


You could see a warg and a jackal.

Vanquished Creatures
  A hippogriff (D:7)
  Eustachio (D:3)
  2 wargs (D:7)
  4 orc warriors
  An ogre (D:5)
  A phantom (D:5)
  A centaur (D:7)
  5 bullfrogs (D:6)
  A scorpion (D:6)
  2 crimson imps (D:6)
  A centaur zombie (D:5)
  2 hounds (D:6)
  5 orc priests
  A centaur skeleton (D:7)
  A gnoll shaman (D:5)
  4 worker ants
  7 orc wizards
  Robin (D:3)
  12 gnolls
  7 adders
  An ooze (D:1)
  An adder zombie (D:6)
  A worm (D:3)
  A dart slug (D:1)
  3 leopard geckos
  23 orcs
  4 bats
  7 giant cockroaches
  29 goblins
  25 hobgoblins
  12 jackals
  2 quokkas
  2 ball pythons
  8 frilled lizards
  13 kobolds
  A quokka skeleton (D:4)
  A quokka zombie (D:7)
  5 rats
199 creatures vanquished.

Vanquished Creatures (collateral kills)
  An orc warrior (Bailey)
  A gnoll (Bailey)
  A goblin (Bailey)
3 creatures vanquished.

Vanquished Creatures (others)
  A big kobold (D:6)
1 creature vanquished.

Grand Total: 203 creatures vanquished

Notes
Turn   | Place    | Note
-------+----------+-------------------------------------------
     0 | D:1      | Foic the Troll Berserker began the quest for the Orb.
     0 | D:1      | Reached XP level 1. HP: 22/22 MP: 0/0
   149 | D:1      | Reached XP level 2. HP: 24/29 MP: 1/1
   167 | D:1      | Reached skill level 3 in Maces & Flails
   401 | D:1      | Reached XP level 3. HP: 36/36 MP: 2/2
   584 | D:1      | Reached ** piety under Trog
  1180 | D:2      | Found a radiant altar of Vehumet.
  1205 | D:2      | Found an opulent altar of Gozag.
  1282 | D:2      | Reached XP level 4. HP: 43/45 MP: 3/3
  1670 | D:3      | Noticed Robin
  1695 | D:3      | Killed Robin
  1745 | D:3      | Reached *** piety under Trog
  1846 | D:3      | Found a shattered altar of Ashenzari.
  1966 | D:3      | Found a sacrificial altar of Ru.
  1968 | D:3      | Reached skill level 4 in Maces & Flails
  1968 | D:3      | Reached XP level 5. HP: 53/53 MP: 4/4
  2219 | D:3      | Found a glowing golden altar of the Shining One.
  2219 | D:3      | Found a sparkling altar of Nemelex Xobeh.
  2438 | D:4      | Noticed Eustachio
  2664 | D:3      | Killed Eustachio
  2664 | D:3      | Reached XP level 6. HP: 49/61 MP: 5/5
  2706 | D:4      | Got a dazzling short sword
  2707 | D:4      | Identified the +5 short sword "Lul Woub" {drain, *Contam Str-4 Dex+9 SInv} (You found it on level 4 of the Dungeon)
  2907 | D:4      | Found a runed gate.
  2907 | D:4      | Found a runed gate.
  2907 | D:4      | Found a runed gate.
  2907 | D:4      | Noticed feta's ghost (amateur FoFi)
  2929 | D:4      | Found a bloodstained altar of Trog.
  3277 | D:4      | Found a staircase to the Ecumenical Temple.
  3543 | D:5      | Entered Level 5 of the Dungeon
  3634 | D:5      | Found a white marble altar of Elyvilon.
  3650 | D:5      | Reached skill level 5 in Maces & Flails
  3694 | D:5      | Found Hefalita's Antique Armour Shoppe.
  3699 | D:5      | Bought a glowing hat for 210 gold pieces
  3709 | D:5      | Found an ancient bone altar of Kikubaaqudgha.
  3780 | D:5      | Reached XP level 7. HP: 45/68 MP: 6/6
  3842 | D:5      | HP: 3/68 [orc wizard/dagger (1)]
  3986 | D:5      | Found a glowing silver altar of Zin.
  4135 | D:5      | Found a deep blue altar of Sif Muna.
  4519 | D:5      | Found a basalt altar of Yredelemnul.
  4659 | D:6      | Reached skill level 6 in Maces & Flails
  4700 | D:6      | Reached skill level 5 in Dodging
  4778 | D:5      | Reached XP level 8. HP: 77/79 MP: 7/7
  4864 | D:6      | Reached **** piety under Trog
  4929 | D:6      | Found a radiant altar of Vehumet.
  5412 | D:6      | Reached skill level 7 in Maces & Flails
  5628 | D:7      | Found a flagged portal.
  5659 | D:7      | Reached skill level 5 in Fighting
  5741 | D:7      | Noticed a hippogriff
  5743 | Bailey   | Entered a bailey
  5844 | Bailey   | Reached XP level 9. HP: 70/88 MP: 8/8
  5939 | Bailey   | Reached skill level 8 in Maces & Flails
  5979 | Bailey   | Reached ***** piety under Trog
  6265 | Bailey   | Noticed an orc warlord
  6265 | Bailey   | Noticed an orc knight
  6530 | D:6      | Mangled by a warg

Vault maps used:
D:1:      dpeg_arrival_long_road
D:2:      overflow_temple_1_default, lemuel_coloured_pillars_altar,
          amethyst_killhole, hangedman_decor_points, item_on_display_b
D:3:      nicolae_ru_great_annihilating_truth, gammafunk_temple_overflow_wave,
          evilmike_ruin_ashenzari, uniq_robin
D:4:      temple_doors_ab, gammafunk_ghost_split, first_ration,
          roderic_st_hans_cross, minmay_ruined_shrine, uniq_eustachio
D:5:      zin_academy, marbit_many_paths, elyvilon_altar_1,
          overflow_temple_1_default, kiku_gazebo_garden_becter, serial_shops,
          shop
D:6:      basic_altar
D:7:      lemuel_castle_with_subvaults, lightli_temple_of_fire, enter_bailey_3,
          basic_altar, minivault_23, uniq_crazy_yiuf_cottage
Bailey:   bailey_axe_minmay_hex_keep, bailey

Skill      XL: |  1  2  3  4  5  6  7  8  9 |
---------------+----------------------------+-----
Maces & Flails | 3 4 5 6 7 8 |  8.7
Dodging        | 3 4 5 6 |  6.4
Fighting       | 3 4 5 |  5.6

Action                   |  1- 3 |  4- 6 |  7- 9 || total
-------------------------+-------+-------+-------++-------
Melee: Mace              |   165 |   270 |   142 ||   577
       Giant spiked club |       |    10 |    11 ||    21
       Flail             |       |       |   298 ||   298
Throw: Large rock        |     1 |     2 |     9 ||    12
       Stone             |       |    12 |    17 ||    29
Invok: Trog's Hand       |       |       |     1 ||     1
       Berserk           |       |       |     1 ||     1
       Brothers in Arms  |       |       |     1 ||     1
  Use: Potion            |     1 |     3 |     6 ||    10
       Scroll            |       |     7 |       ||     7
 Stab: Sleeping          |     2 |     1 |       ||     3
       Paralysed         |       |     1 |       ||     1
  Eat: Chunk             |    18 |    19 |    33 ||    70
Armor: Animal skin       |    66 |   166 |   197 ||   429
Dodge: Dodged            |   101 |   233 |   317 ||   651

Table legend:
 A = Spawn XP
 B = Non-spawn XP
 C = Spawn XP percentage of total XP
 D = Spawn monster count
 E = Non-spawn monster count
 F = Spawn count percentage of total count
 G = Total turns spent on level
                    A         B        C        D         E        F      G
               +---------+---------+-------+---------+---------+-------+---------
         Total |       0 |    3847 |   0.0 |       0 |     203 |   0.0 |  6530
               +---------+---------+-------+---------+---------+-------+---------
           D:1 |       0 |      52 |   0.0 |       0 |      26 |   0.0 |   829
           D:2 |       0 |      65 |   0.0 |       0 |      24 |   0.0 |   832
           D:3 |       0 |     320 |   0.0 |       0 |      29 |   0.0 |  1009
           D:4 |       0 |     109 |   0.0 |       0 |      10 |   0.0 |   873
           D:5 |       0 |     668 |   0.0 |       0 |      26 |   0.0 |  1130
           D:6 |       0 |    1023 |   0.0 |       0 |      29 |   0.0 |   941
           D:7 |       0 |     898 |   0.0 |       0 |      13 |   0.0 |   375
        Bailey |       0 |     712 |   0.0 |       0 |      46 |   0.0 |   541
               +---------+---------+-------+---------+---------+-------+---------
